Map: Echo LE (Void)

Players

IlIIlIlIlIIl - Winner!

  • Race: Terran Terran
  • League: Grandmaster

Fartem

  • Race: Terran Terran
  • League: Grandmaster

VOD

Have the link to the VOD?

Description

Time

  • Played on: June 12, 2015, 5:43 a.m.
  • Length: 10:32
Show
View Real Time Build Order
Export as new Build Order

IlIIlIlIlIIl Terran - Winner!

Build Orders:  

Get SALT Encoding   

  12  0:02  SCV  
  13  0:15  SCV  
  14  0:21  Supply Depot  
  14  0:28  SCV  
  15  0:43  SCV  
  15  0:48  Refinery  
  16  0:56  Barracks  
  16  0:57  SCV  
  17  1:09  SCV  
  18  1:25  Barracks  
  18  1:26  Barracks  
  18  1:36  SCV  
  19  1:45  Supply Depot  
  19  1:47  Refinery  
  19  1:58  Supply Depot  
  19  2:00  Engineering Bay  
  19  2:06  Orbital Command  
  19  2:19  Marine x2  
  21  2:25  Barracks Tech Lab  
  21  2:37  Marine x2  
  21  2:38  SCV  
  24  2:49  Supply Depot, Marine  
  25  3:04  Stimpack  
  27  3:06  SCV  
  26  3:15  Factory  
  26  3:19  SCV  
  27  3:23  Marine  
  27  3:24  Marine, Marauder  
  31  3:31  SCV  
  32  3:40  Missile Turret  
  32  3:44  Barracks Reactor  
  32  3:45  Barracks Reactor  
  33  3:48  SCV  
  35  4:13  Factory Tech Lab, Starport  
  35  4:15  SCV, Starport  
  34  4:25  Marine x5  
  34  4:27  Supply Depot  
  39  4:42  SCV  
  40  4:49  Supply Depot  
  40  4:57  Command Center  
  40  4:59  SCV  
  41  5:26  Banshee  
  44  5:33  SCV  
  45  5:42  Missile Turret  
  45  5:45  Supply Depot  
  45  6:04  Banshee, Cloaking Field  
  48  6:15  SCV  
  49  6:27  SCV  
  49  6:31  Supply Depot  
  50  6:32  Factory Reactor  
  50  6:34  Refinery  
  50  6:35  Refinery, Marine x2  
  50  6:36  Barracks Tech Lab  
  50  6:37  Marine  
  43  7:26  SCV  
  43  7:28  Orbital Command  
  44  7:38  Marine  
  44  7:39  Marine x3  
  44  7:42  Viking  
  46  8:05  Marine  
  39  8:06  Marine x2, Marauder  
  39  8:07  Banshee  
  36  8:38  Banshee  
  36  8:40  Marine x2  
  41  8:41  Marauder  
  41  8:44  Marine x2  
  45  8:49  SCV  
  44  9:18  SCV  
  44  9:30  SCV  
  44  9:43  Marine x2  
  46  9:50  Supply Depot x2  
  46  9:53  Supply Depot  
  46  10:11  SCV, Marine x3  
  50  10:15  Supply Depot  
  50  10:18  Supply Depot x2  
Show
View Real Time Build Order
Export as new Build Order

Fartem Terran 

Build Orders: Mech, Siege Tank Drop 

Get SALT Encoding   

  12  0:03  SCV  
  13  0:15  Supply Depot  
  13  0:18  SCV  
  14  0:30  Refinery  
  14  0:32  SCV  
  15  0:44  Barracks  
  15  0:47  SCV  
  16  0:57  Refinery  
  16  0:59  SCV  
  17  1:12  SCV, Supply Depot  
  18  1:32  Orbital Command  
  18  1:46  Factory  
  18  1:48  Reaper  
  19  2:02  SCV  
  20  2:14  Factory  
  20  2:35  SCV  
  21  2:40  Starport  
  21  2:44  Marine  
  21  2:45  Widow Mine  
  24  2:55  Starport  
  23  3:12  Widow Mine  
  25  3:14  Widow Mine  
  27  3:21  Medivac  
  27  3:25  SCV, Supply Depot  
  32  3:58  Factory Tech Lab  
  32  3:59  Factory Tech Lab  
  32  4:00  Starport Reactor  
  30  4:03  Starport Tech Lab  
  30  4:06  Supply Depot  
  30  4:16  Command Center  
  30  4:22  SCV  
  31  4:29  Siege Tank x2  
  37  4:38  Medivac  
  39  4:57  Refinery  
  39  4:58  Refinery  
  33  5:44  Cyclone  
  33  5:45  Cyclone  
  33  5:46  Factory  
  39  5:58  Orbital Command  
  39  6:03  SCV  
  40  6:15  SCV  
  41  6:27  SCV  
  39  6:49  Marine  
  39  6:51  Siege Tank x2  
  39  6:53  Medivac  
  48  6:58  SCV  
  49  7:02  SCV  
  49  7:07  Marine  
  48  7:10  SCV  
  48  7:14  SCV  
  46  7:22  SCV  
  44  7:25  Marine  
  43  7:31  Siege Tank  
  43  7:32  Siege Tank  
  45  7:45  Marine  
  43  8:03  Marine  
  43  8:04  Siege Tank  
  28  8:21  Marine  
  27  8:28  Siege Tank  
  30  8:36  Siege Tank  
  22  9:11  Marine  
  12  9:29  Marine  
  2  9:47  Marine  
  3  9:53  SCV  
  3  9:56  SCV  
  5  10:05  Marine  
  6  10:08  SCV  
  6  10:20  SCV  
Tags
 
Composition
Mech
Matchup
TvT
Race
Terran
Replay Pack
lotv
Add a new tag
Caveats
  • Supply blocks, unpowered buildings, or Contaminate may cause inaccurate times.
  • Supply counts are checked every 10 seconds.